 Dungeon Crawl Stone Soup version 0.29-a0-187-ga23d9638d5 (webtiles) character file.

Game seed: 14812971716522169422

35 croobank the Firebug (level 3, 0/26 HPs)
             Began as a Draconian Fire Elementalist on Feb 21, 2022.
             Slain by Terence (8 damage)
             ... on level 2 of the Dungeon.
             The game lasted 00:04:08 (1754 turns).

croobank the Firebug (Draconian Fire Elementalist)  Turns: 1754, Time: 00:04:08

Health: 0/26       AC:  7    Str: 10    XL:     3   Next: 17%
Magic:  0/6        EV: 12    Int: 17    God:
Gold:   44         SH:  0    Dex: 11    Spells: 3/6 levels left

rFire   . . .      SeeInvis .   a - +1 short sword (venom)
rCold   . . .      Faith    .   (no shield)
rNeg    . . .      Spirit   .   (body armour unavailable)
rPois   .          Reflect  .   (helmet restricted)
rElec   .          Harm     .   g - +0 cloak
rCorr   .          Rampage  .   d - +0 pair of gloves
Will    .....                   (no boots)
Stlth   ++........              (no amulet)
HPRegen 0.08/turn               (no ring)
MPRegen 0.10/turn               (no ring)

@: no status effects
A: AC +5, unfitting armour, cold-blooded
a: no special abilities


You were on level 2 of the Dungeon.
You visited 1 branch of the dungeon, and saw 2 of its levels.

You collected 44 gold pieces.

Inventory:

Hand Weapons
 a - a +1 short sword of venom (weapon)
 j - a +0 mace
Missiles
 f - 50 stones
Armour
 d - a +0 pair of gloves (worn)
 g - a +0 cloak (worn)
Jewellery
 b - a ring of magical power
Scrolls
 k - 2 scrolls of teleportation {unknown}
Potions
 c - a potion of lignification
 e - 2 potions of flight {unknown}
 h - a potion of invisibility {unknown}


   Skills:
 + Level 2.1 Dodging
 + Level 2.2 Stealth
 + Level 2.3 Spellcasting
 + Level 1.5 Conjurations
 + Level 3.2 Fire Magic


You had 3 spell levels left.
You knew the following spells:

 Your Spells              Type           Power      Damage    Failure   Level
a - Foxfire               Conj/Fire      40%        2x1d6     7%          1
b - Scorch                Fire           26%        2d6       8%          2

Your spell library contained the following spells:

 Spells                   Type           Power      Damage    Failure   Level
 Conjure Flame            Conj/Fire      10%        6-21      21%         3
 Sublimation of Blood     Necr           1%         N/A       28%         2
 Inner Flame              Hex/Fire       7%         N/A       28%         3
 Flame Wave               Conj/Fire      10%        2d5       56%         4
 Petrify                  Tmut/Erth      1%         N/A       88%         4
 Irradiate                Conj/Tmut      2%         3d14      98%         5


Dungeon Overview and Level Annotations

Branches:
Dungeon (2/15)

Altars:

Annotations:
D:2 Terence


Innate Abilities, Weirdness & Mutations

Your plain brown scales are hard. (AC +5)
You cannot fit into any form of body armour.
You are cold-blooded and may be slowed by cold attacks.


Message History

Found a stone staircase leading up.
There is a stone staircase leading up here.
You now have 44 gold pieces (gained 11).
You pick up a book of Alchemy and begin reading...
You add the spells Sublimation of Blood, Petrify and Irradiate to your library.
Terence the Incautious comes into view.
He is wielding a +0 flail.
Terence moves out of view.
Terence is nearby!
Casting: Foxfire (safe; 7% risk of failure)
Confirm with . or Enter, or press ? or * to list all spells.
Flames lash Terence but do no damage.
Casting: Scorch (safe; 8% risk of failure)
Confirm with . or Enter, or press ? or * to list all spells.
Flames lash Terence.
Terence is moderately wounded.
Terence's fire resistance burns away.
Casting: Scorch (safe; 8% risk of failure)
Confirm with . or Enter, or press ? or * to list all spells.
Flames lash Terence but do no damage.
You barely miss Terence.
Terence is moderately wounded.
Terence says, "Rest in peace."
Terence hits you with a +0 flail.
You hit Terence but do no damage.
Terence is poisoned.
Terence is moderately wounded.
Terence barely misses you. Terence hits you with a +0 flail!
You hit Terence but do no damage.
Terence looks as sick as possible!
You punch Terence.
Terence is heavily wounded.
Terence hits you but does no damage.
You hit Terence but do no damage.
Terence looks as sick as possible!
You tail-slap Terence, but do no damage.
Terence is heavily wounded.
Terence is no longer more vulnerable to fire.
Terence hits you with a +0 flail!
* * * LOW HITPOINT WARNING * * *
You hit Terence.
Terence looks as sick as possible!
Terence is severely wounded.
Terence hits you with a +0 flail!
You die...

#.#####...#...#####.#.###
#.###...#####.#.# #.#
#.........#>#
####.###.#.#######.#
...........# #.##
####.###.### #..#
#.....#.##########.#
..##.#.#..............#
......@@...#########..#
#....#.#.### #..# #..
.....# #..# # ...###.#
#..# #.#.# #.# ### #..# #
#. ... ..# #..# # #.# #.#
#..# #.# #.# #..#
#.#####..##


You could see Terence (extremely poisoned).

Vanquished Creatures
  An adder (D:2)
  A ball python (D:1)
  A bat (D:1)
  An endoplasm (D:1)
  2 giant cockroaches
  2 goblins (D:1)
  5 hobgoblins
  3 jackals (D:1)
  2 kobolds (D:1)
  A quokka (D:2)
  A frilled lizard (D:1)
  A rat (D:2)
21 creatures vanquished.

Vanquished Creatures (others)
  53 foxfires
53 creatures vanquished.

Grand Total: 74 creatures vanquished

Notes
Turn   | Place    | Note
-------+----------+-------------------------------------------
     0 | D:1      | croobank the Draconian Fire Elementalist began the quest
                  | for the Orb.
     0 | D:1      | Reached XP level 1. HP: 14/14 MP: 3/3
  1029 | D:1      | Reached XP level 2. HP: 20/20 MP: 3/5
  1032 | D:1      | Learned a level 2 spell: Scorch
  1049 | D:1      | Found a faded altar of an unknown god.
  1606 | D:2      | Reached XP level 3. HP: 26/26 MP: 0/6
  1745 | D:2      | Noticed Terence
  1754 | D:2      | Slain by Terence

Illustrated notes

Levels and vault maps discovered:
D:1:      dpeg_arrival_stone_temple_mockup, layout_basic,
          dreamdust_ecumenical_altar_statues, minmay_misc_feat_four_crosses
D:2:      layout_loops_ring, uniq_terence

Skill      XL: |  1  2 |
---------------+-------+-----
Stealth        | 2 |  2.2
Dodging        | 2 |  2.1
Spellcasting   | |  2.3
Conjurations   | |  1.5
Fire Magic     | |  3.2

Action                   || total
-------------------------++-------
Melee: Unarmed           ||     9
       Mace              ||     3
       Tailslap          ||     3
       Short sword       ||     9
       Punch             ||     1
 Cast: Foxfire           ||    30
       Scorch            ||     8
  Use: Scroll            ||     1
Armor: Skin              ||     7
Dodge: Dodged            ||    18

Table legend: (Time is in decaauts)
 A = Elapsed time spent in this place.
 B = Non-inter-level travel time spent in this place.
 C = Inter-level travel time spent in this place.
 D = Time resting spent in this place.
 E = Time spent auto-exploring this place.
 F = Levels seen in this place.
 G = Mean time per level.
                   A        B        C        D        E       F      G
               +--------+--------+--------+--------+--------+-----+--------+
         Total |   1754 |   1687 |     67 |      0 |   1465 |   2 |  877.0 |
       Dungeon |   1754 |   1687 |     67 |      0 |   1465 |   2 |  877.0 |
               +--------+--------+--------+--------+--------+-----+--------+

Top non-repeatable levels by time:
     D:1: 1430 daAuts
     D:2: 324 daAuts
